 Dungeon Crawl Stone Soup version 0.29-a0-275-g389c0b56f3 (webtiles) character file.

Game seed: 9663735821956909688

162 bande the Covered (level 5, 0/33 HPs)
             Began as a Gargoyle Fighter on Mar 11, 2022.
             Slain by Cecur's ghost (8 damage)
             ... on level 3 of the Dungeon.
             The game lasted 00:05:33 (2572 turns).

bande the Covered (Gargoyle Fighter)                Turns: 2572, Time: 00:05:34

Health: 0/33       AC: 17    Str: 20    XL:     5   Next: 43%
Magic:  5/5        EV:  7    Int: 10    God:
Gold:   269        SH:  4    Dex: 11    Spells: 4/4 levels left

rFire   . . .      SeeInvis .   a - +1 war axe
rCold   . . .      Faith    .   c - +0 buckler
rNeg    + . .      Spirit   .   m - +0 chain mail
rPois   ∞          Reflect  .   (no helmet)
rElec   +          Harm     .   (no cloak)
rCorr   .          Rampage  .   (no gloves)
Will    .....                   (no boots)
Stlth   ..........              (no amulet)
HPRegen 0.11/turn               n - +4 ring of protection
MPRegen 0.09/turn               (no ring)

@: mighty
A: sickness immunity, AC +4, negative energy resistance 1, electricity
resistance, torment resistance 1, petrification resistance, clever 1, wild magic
1
a: no special abilities


You were on level 3 of the Dungeon.
You visited 1 branch of the dungeon, and saw 3 of its levels.

You collected 269 gold pieces.

Inventory:

Hand Weapons
 a - a +1 war axe (weapon)
 g - a +0 flail
Armour
 c - a +0 buckler (worn)
 m - a +0 chain mail (worn)
Jewellery
 n - a +4 ring of protection (left hand)
Potions
 d - 2 potions of might
 e - a potion of invisibility
 f - a potion of resistance
 h - a potion of heal wounds {unknown}
 i - a potion of attraction {unknown}
 j - a potion of mutation
 l - a potion of brilliance {unknown}


   Skills:
 + Level 3.9 Fighting
 + Level 3.5 Axes
 + Level 4.3 Armour
 + Level 3.9 Shields


You had 4 spell levels left.
You didn't know any spells.
Your spell library contained the following spells:

 Spells                   Type           Power      Damage    Failure   Level
 Corpse Rot               Necr/Air       0%         N/A       100%        2
 Poisonous Vapours        Pois/Air       0%         N/A       100%        2


Dungeon Overview and Level Annotations

Branches:
Dungeon (3/15)

Altars:
Hepliaklqana

Shops:
D:1 :**=[

Annotations:
D:3 1 transporter, Cecur's ghost, amateur FoFi


Innate Abilities, Weirdness & Mutations

You are immune to sickness and miasma.
Your stone body is resilient. (AC +4)
You are immune to poison.
You resist negative energy. (rN+)
You are resistant to electric shocks. (rElec)
You are resistant to unholy torment.
You are immune to petrification.
Your mind is acute. (Int +2)
Your spells are a little harder to cast, but a little more powerful.


Message History

You slash the killer bee zombie! You slash the centaur zombie!
You destroy the centaur zombie!
The killer bee zombie hits you.
* * * LOW HITPOINT WARNING * * *
You block the killer bee zombie's attack.
Cecur's ghost hits you but does no damage.
The killer bee zombie hits you but does no damage.
You slash Cecur's ghost!
Cecur's ghost is moderately damaged.
You hit the killer bee zombie.
The killer bee zombie barely misses you.
Cecur's ghost hits you but does no damage.
The killer bee zombie barely misses you.
You slash Cecur's ghost!
Cecur's ghost is heavily damaged.
You barely miss the killer bee zombie.
The killer bee zombie hits you but does no damage.
Cecur's ghost screams, "I'll kill anyone who wants the ORB!"
Cecur's ghost hits you but does no damage.
You block the killer bee zombie's attack.
Cecur's ghost barely misses you. Cecur's ghost attacks as you move away!
Cecur's ghost hits you.
* * * LOW HITPOINT WARNING * * *
The killer bee zombie barely misses you.
It was a potion of curing.
You feel better.
The killer bee zombie hits you but does no damage. x2
You feel very mighty all of a sudden.
The killer bee zombie hits you but does no damage.
You block Cecur's ghost's attack.
You slash the shadow imp!
The shadow imp is severely wounded.
You hit Cecur's ghost.
Cecur's ghost hits you but does no damage.
You closely miss the shadow imp.
The shadow imp is severely wounded.
You slash Cecur's ghost!
The shadow imp picks up a beetle and eats it.
The shadow imp hits you but does no damage.
Cecur's ghost hits you!
You die...

#....................#
#.....#############..##
###...#...........#...#####
#...#...........#.......#
##...#..###.###..#..####.# #
####....#..#8#.#8#..#..# #..
# ##.......#.$.........#..#
###
####.)#....©#....W©..../#©.#
#....##.....#(..@5Z....$#.)#
..#####..<..#..#8#.#8#..#..#
### #.....#..###.###..#..# #
#.....#Z.....5:...#..# #
#.....#©..........#..# #
#.....#############..#
#....................#
#....................#
#....#################


You could see Cecur's ghost, a shadow imp and a killer bee zombie.

Vanquished Creatures
  A centaur zombie (D:3)
  A hound (D:3)
  2 adders (D:2)
  A white imp (D:3)
  A worm (D:3)
  2 dart slugs
  An orc (D:3)
  8 bats
  5 endoplasms
  A giant cockroach (D:3)
  8 goblins
  11 hobgoblins
  2 jackals (D:2)
  A quokka (D:1)
  2 ball pythons (D:2)
  A frilled lizard (D:2)
  8 kobolds
  5 rats
  A spectral goblin (D:3)
62 creatures vanquished.

Notes
Turn   | Place    | Note
-------+----------+-------------------------------------------
     0 | D:1      | bande the Gargoyle Fighter began the quest for the Orb.
     0 | D:1      | Reached XP level 1. HP: 14/14 MP: 1/1
    83 | D:1      | Found Bicru's Jewellery Boutique.
   278 | D:1      | Reached XP level 2. HP: 15/19 MP: 2/2
   656 | D:1      | Found Harchuor's Book Shoppe.
   667 | D:1      | Found Ruufraigue's Assorted Antiques.
   685 | D:1      | Found Veesil's General Store.
   712 | D:1      | Found Reijix's Antique Armour Boutique.
   767 | D:1      | Found a faded altar of an unknown god.
  1008 | D:2      | Gained mutation: Your mind is acute. (Int +2) [potion of
                  | mutation]
  1008 | D:2      | Gained mutation: Your spells are a little harder to cast,
                  | but a little more powerful. [potion of mutation]
  1063 | D:2      | Reached XP level 3. HP: 21/23 MP: 3/3
  1765 | D:3      | Reached XP level 4. HP: 29/29 MP: 4/4
  1829 | D:3      | Reached skill level 4 in Armour
  2099 | D:3      | Reached XP level 5. HP: 25/33 MP: 5/5
  2208 | D:3      | Found a hazy altar of Hepliaklqana.
  2331 | D:3      | Found a transporter.
  2333 | D:3      | Noticed Cecur's ghost (amateur FoFi)
  2336 | D:3      | Found a transporter.
  2572 | D:3      | Slain by Cecur's ghost

Illustrated notes

Levels and vault maps discovered:
D:1:      grunt_arrival_lava_bath, layout_loops_ring, serial_shops,
          nicolae_shop_stone, nicolae_shop_stone, nicolae_shop_advertising_works
          [nicolae_subvault_shop_adworks], shop_statue, shop,
          shapermc_ecumenical_altar_mp_vishouse
D:2:      wad_river_or_something, layout_loops_cross, amcnicky_mini_pool_small,
          minmay_pentomino_x4
D:3:      layout_rooms, nicolae_hepliaklqana_monster_ancestors,
          gammafunk_ghost_mausoleum

Skill      XL: |  1  2  3  4 |
---------------+-------------+-----
Axes           | 2 3 |  3.5
Armour         | 4 |  4.3
Fighting       | |  3.9
Shields        | |  3.9

Action                   |  1- 3 |  4- 6 || total
-------------------------+-------+-------++-------
Melee: War axe           |   131 |    74 ||   205
  Use: Scroll            |     2 |     6 ||     8
       Potion            |     1 |     2 ||     3
Armor: Scale mail        |    86 |    30 ||   116
       Chain mail        |       |    43 ||    43
Dodge: Dodged            |    89 |    47 ||   136
Block: Buckler           |    40 |    30 ||    70

Table legend: (Time is in decaauts)
 A = Elapsed time spent in this place.
 B = Non-inter-level travel time spent in this place.
 C = Inter-level travel time spent in this place.
 D = Time resting spent in this place.
 E = Time spent auto-exploring this place.
 F = Levels seen in this place.
 G = Mean time per level.
                   A        B        C        D        E       F      G
               +--------+--------+--------+--------+--------+-----+--------+
         Total |   2659 |   2540 |    119 |      0 |   1900 |   3 |  886.3 |
       Dungeon |   2659 |   2540 |    119 |      0 |   1900 |   3 |  886.3 |
               +--------+--------+--------+--------+--------+-----+--------+

Top non-repeatable levels by time:
     D:2: 1035 daAuts
     D:1: 1010 daAuts
     D:3: 613 daAuts
